 Dungeon Sprint DCSS version 0.25-a0-435-g4b9beb1024 (webtiles) character file.

Game seed: 14631166983251513557, levelgen mode: deterministic

12200000 Baz the Axe Maniac (level 27, -90/271 (273) HPs)
             Began as a Minotaur Monk on Jan 29, 2020.
             Was the Champion of Makhleb.
             Annihilated by a fleshlord
             ... wielding a +9 great mace
              (128 damage)
             ... in the Dungeon (Sprint VIII: "Arena of Blood").
             The game lasted 00:05:08 (122 turns).

Baz the Axe Maniac (Minotaur Monk)                   Turns: 122, Time: 00:05:09

HP:   -90/271 (273) AC:  4    Str: 21    XL:     27
MP:   40/53         EV: 35    Int:  7    God:    Makhleb [******]
Gold: 0             SH:  0    Dex: 21    Spells: 80/80 levels left

rFire    . . .     SeeInvis .   j - +∞ Axe of Woe
rCold    . . .     Gourm    .   (shield currently unavailable)
rNeg     . . .     Faith    .   b - +0 robe
rPois    .         Spirit   .   (helmet restricted)
rElec    .         Reflect  .   (no cloak)
rCorr    .         Harm     .   (no gloves)
MR       ++...     NoTele   +   (no boots)
Stlth    +++++++++.             (no amulet)
HPRegen  0.55/turn              i - +130 ring of slaying
MPRegen  0.33/turn              (no ring)

@: no status effects
A: retaliatory headbutt, horns 2
a: Minor Destruction, Lesser Servant of Makhleb, Major Destruction, Greater
Servant of Makhleb, Renounce Religion


You were in the Dungeon.
You worshipped Makhleb.
Makhleb was exalted by your worship.
You were not hungry.

You visited 1 branch

Inventory:

Hand Weapons
 a - a +0 hand axe
 j - the +∞ Axe of Woe (weapon)
   (You found it in the Dungeon)
Armour
 b - a +0 robe (worn)
Jewellery
 i - a +130 ring of slaying (left hand)
Potions
 d - a potion of curing
 e - a potion of heal wounds
 f - a potion of haste
 g - 2 potions of magic
 h - a potion of berserk rage
Comestibles
 c - a ration


   Skills:
 O Level 27 Fighting
 O Level 27 Axes
 O Level 27 Throwing
 O Level 27 Armour
 O Level 27 Dodging
 O Level 27 Stealth
 O Level 27 Unarmed Combat
 O Level 27 Spellcasting
 O Level 27 Invocations


You had 80 spell levels left.
You didn't know any spells.
Your spell library was empty.

Dungeon Overview and Level Annotations

Branches:
Dungeon (1/1)

Altars:
Makhleb


Innate Abilities, Weirdness & Mutations

You reflexively headbutt those who attack you in melee.
You have a pair of horns on your head.


Message History

* * * LOW HITPOINT WARNING * * *
Unknown command.
Unknown command.
Unknown command. 2 hell knights come into view.
Your Executioner hits something but does no damage. x3
Your Executioner hits something!
Your Executioner hits something but does no damage.
Your Executioner hits something!
You hear a shout! x3; You feel something staring at you.
A bolt of fire appears from out of thin air!
The bolt of fire hits the fleshlord.
The fleshlord completely resists.
The bolt of fire hits you!!
* * * LOW HITPOINT WARNING * * *
You feel something staring at you.
A bolt of fire appears from out of thin air!
The bolt of fire misses you.
You hear a shout! x2
The fleshlord hits you with a +9 great mace!!!!
You die...

.........V%§§§..........
.........@..)#.%.#......
......%.%..%#....#.....##.
.....%.%%%##.%.o%#.%...#..
........#......#....##...
.%...#..p###....#.....
...........W.)#.......
........p).W.........#
.....####@1.).)...###
.......#)))...%####
.......%....####
.=.....%.#### ##########


You could see 2 fleshlords, 2 dreads and a friendly Executioner.

Vanquished Creatures
  Sigmund (D)
  3 hell beasts (D)
  4 greater mummies (D)
  2 great orbs of eyes (D)
  4 wraiths (D)
  Harold (D)
  15 vampire knights (D)
  30 ogres (D)
  8 two-headed ogres (D)
  9 liches (D)
  78 orcs (D)
  5 phantoms (D)
  5 skeletal warriors (D)
  A sea snake (D)
  6 large abominations (D)
  7 small abominations (D)
  7 crawling corpses (D)
186 creatures vanquished.

Vanquished Creatures (collateral kills)
  An orc (D)
1 creature vanquished.

Vanquished Creatures (others)
  2 ogres (D)
  An orc (D)
  6 crawling corpses (D)
9 creatures vanquished.

Grand Total: 196 creatures vanquished

Notes
Turn   | Place    | Note
-------+----------+-------------------------------------------
     0 | D        | Found the +∞ Axe of Woe
     0 | D        | Baz the Minotaur Monk began the quest for the Orb.
     0 | D        | Reached XP level 1. HP: 19/19 MP: 0/0
     2 | D        | Became a worshipper of Makhleb the Destroyer
     2 | D        | Reached * piety under Makhleb
     2 | D        | Reached ** piety under Makhleb
     3 | D        | Noticed a meat berserker
     4 | D        | Noticed a bag of meat
     4 | D        | Noticed a bag of meat
     4 | D        | Noticed a bag of meat
     4 | D        | Noticed a bag of meat
     4 | D        | Noticed a bag of meat
     6 | D        | Noticed a bag of meat
     8 | D        | Killed a meat berserker
     8 | D        | Reached XP level 2. HP: 59/59 MP: 1/1
     8 | D        | Reached XP level 3. HP: 66/66 MP: 2/2
     8 | D        | Reached XP level 4. HP: 74/74 MP: 3/3
     8 | D        | Reached XP level 5. HP: 81/81 MP: 4/4
     8 | D        | Reached XP level 6. HP: 90/90 MP: 5/5
     8 | D        | Reached XP level 7. HP: 96/96 MP: 6/6
     8 | D        | Reached XP level 8. HP: 105/105 MP: 7/7
     8 | D        | Reached XP level 9. HP: 112/112 MP: 8/8
     8 | D        | Reached XP level 10. HP: 121/121 MP: 9/9
     8 | D        | Reached XP level 11. HP: 127/127 MP: 10/10
     8 | D        | Reached XP level 12. HP: 136/136 MP: 11/11
     8 | D        | Reached XP level 13. HP: 143/143 MP: 12/12
     9 | D        | Killed a bag of meat
    10 | D        | Killed a bag of meat
    10 | D        | Reached skill level 10 in Invocations
    10 | D        | Reached XP level 14. HP: 157/157 MP: 12/20
    10 | D        | Killed a bag of meat
    10 | D        | Reached *** piety under Makhleb
    10 | D        | Noticed a meat berserker
    11 | D        | Noticed a bag of meat
    12 | D        | Killed a bag of meat
    12 | D        | Reached skill level 15 in Armour
    12 | D        | Reached XP level 15. HP: 169/169 MP: 12/24
    13 | D        | Reached **** piety under Makhleb
    13 | D        | Reached skill level 27 in Axes
    13 | D        | Reached skill level 15 in Invocations
    16 | D        | Reached skill level 27 in Fighting
    16 | D        | Reached XP level 16. HP: 183/183 MP: 13/27
    17 | D        | Killed a meat berserker
    17 | D        | Reached skill level 27 in Dodging
    18 | D        | Reached ***** piety under Makhleb
    18 | D        | Reached XP level 17. HP: 191/191 MP: 13/30
    18 | D        | Noticed a meat berserker
    19 | D        | Noticed a large bag of meat
    19 | D        | Noticed a destroyer
    19 | D        | Noticed a meat berserker
    19 | D        | Noticed a meat berserker
    20 | D        | Noticed a meat berserker
    20 | D        | Noticed a meat berserker
    20 | D        | Noticed a large bag of meat
    20 | D        | Noticed a meat berserker
    20 | D        | Noticed a meat berserker
    21 | D        | Noticed a large bag of meat
    21 | D        | Noticed a meat berserker
    21 | D        | Noticed a large bag of meat
    21 | D        | Noticed a meat berserker
    22 | D        | Killed a meat berserker
    22 | D        | Reached skill level 27 in Armour
    22 | D        | Noticed a destroyer
    23 | D        | Killed a meat berserker
    23 | D        | Reached skill level 27 in Invocations
    23 | D        | Reached skill level 10 in Unarmed Combat
    23 | D        | Reached XP level 18. HP: 200/200 MP: 14/34
    24 | D        | Killed a meat berserker
    24 | D        | Reached skill level 10 in Spellcasting
    24 | D        | Killed a meat berserker
    24 | D        | Reached XP level 19. HP: 207/207 MP: 14/35
    24 | D        | Killed a meat berserker
    24 | D        | Reached ****** piety under Makhleb
    25 | D        | Noticed a meat berserker
    25 | D        | Reached skill level 15 in Spellcasting
    26 | D        | Killed a large bag of meat
    26 | D        | Reached XP level 20. HP: 216/216 MP: 14/39
    26 | D        | Killed a meat berserker
    26 | D        | Noticed a meat berserker
    26 | D        | Noticed a destroyer
    27 | D        | Killed a meat berserker
    27 | D        | Reached skill level 27 in Unarmed Combat
    27 | D        | Noticed a meat berserker
    28 | D        | Noticed a meat berserker
    28 | D        | Killed a destroyer
    28 | D        | Reached skill level 27 in Throwing
    28 | D        | Reached XP level 21. HP: 208/224 MP: 15/44
    28 | D        | Reached skill level 27 in Stealth
    29 | D        | Reached skill level 27 in Spellcasting
    29 | D        | Reached XP level 22. HP: 233/233 MP: 15/52
    29 | D        | Killed a large bag of meat
    30 | D        | Noticed a destroyer
    31 | D        | Noticed a destroyer
    31 | D        | Reached XP level 23. HP: 240/240 MP: 15/53
    31 | D        | Killed a large bag of meat
    32 | D        | Killed a destroyer
    32 | D        | Reached XP level 24. HP: 249/249 MP: 16/53
    33 | D        | Noticed a destroyer
    35 | D        | Reached XP level 25. HP: 257/257 MP: 16/53
    35 | D        | Killed a destroyer
    35 | D        | Noticed a destroyer
    38 | D        | Killed a destroyer
    38 | D        | Reached XP level 26. HP: 266/266 MP: 17/53
    39 | D        | Noticed a destroyer
    40 | D        | Killed a destroyer
    40 | D        | Reached XP level 27. HP: 269/273 MP: 18/53
    40 | D        | Killed a large bag of meat
    40 | D        | Noticed a destroyer
    41 | D        | Killed a destroyer
    43 | D        | Noticed a destroyer
    43 | D        | Noticed a destroyer
    43 | D        | Noticed a tyrant
    44 | D        | Killed a destroyer
    46 | D        | Killed a destroyer
    46 | D        | Noticed a destroyer
    46 | D        | Noticed an accursed
    47 | D        | Killed a destroyer
    48 | D        | Noticed a large bag of meat
    50 | D        | Noticed a destroyer
    51 | D        | Killed a destroyer
    52 | D        | Noticed a large bag of meat
    53 | D        | Noticed a tyrant
    55 | D        | Noticed a destroyer
    57 | D        | Killed an accursed
    58 | D        | Killed a tyrant
    58 | D        | Noticed a large bag of meat
    59 | D        | Killed a destroyer
    60 | D        | Killed a large bag of meat
    60 | D        | Killed a destroyer
    60 | D        | Noticed a tyrant
    60 | D        | Noticed The Captor
    60 | D        | Noticed an accursed
    61 | D        | Noticed a tyrant
    61 | D        | Noticed an accursed
    62 | D        | Killed a tyrant
    62 | D        | Noticed a tyrant
    64 | D        | Noticed a tyrant
    66 | D        | Killed a tyrant
    67 | D        | Noticed a dread
    67 | D        | Killed The Captor
    67 | D        | Killed a tyrant
    67 | D        | Killed a large bag of meat
    67 | D        | Noticed a dread
    67 | D        | Noticed The Servant
    69 | D        | Noticed a large bag of meat
    69 | D        | Killed a destroyer
    70 | D        | Killed a destroyer
    70 | D        | Killed a tyrant
    70 | D        | Noticed a destroyer
    71 | D        | Noticed a tyrant
    72 | D        | Killed a large bag of meat
    73 | D        | Noticed a dread
    78 | D        | Noticed a meat beast
    82 | D        | Killed a meat beast
    85 | D        | Noticed a meat beast
    85 | D        | Noticed an accursed
    86 | D        | Killed a dread
    86 | D        | Noticed a meat beast
    89 | D        | Killed a meat beast
    92 | D        | Killed a tyrant
    92 | D        | Killed a meat beast
    95 | D        | Killed a destroyer
    95 | D        | Killed a large bag of meat
    98 | D        | Killed an accursed
    99 | D        | Killed an accursed
   101 | D        | Killed The Servant
   106 | D        | Killed an accursed
   106 | D        | Killed a dread
   106 | D        | Noticed a dread
   107 | D        | Killed a tyrant
   109 | D        | Noticed a tyrant
   109 | D        | Noticed a dread
   109 | D        | Noticed a tyrant
   111 | D        | Killed a tyrant
   111 | D        | Killed a dread
   116 | D        | Noticed a dread
   117 | D        | Killed a tyrant
   121 | D        | Killed a dread
   122 | D        | Noticed a fleshlord
   122 | D        | Noticed a fleshlord
   122 | D        | Annihilated by a fleshlord

Levels and vault maps discovered:
D:        meatsprint

Skill      XL: |  1  2  3  4  5  6  7  8  9 10 11 12 13 14 15 16 17 18 19 20 21 |
---------------+----------------------------------------------------------------+-----
Fighting       | 21 23 25 27 | 27.0
Axes           | 22 24 25 27 | 27.0
Dodging        | 19 21 22 25 27 | 27.0
Stealth        | 6 11 16 21 26 27 | 27.0
Armour         | 11 15 20 25 27 | 27.0
Invocations    | 10 13 17 21 27 | 27.0
Throwing       | 9 16 22 27 | 27.0
Unarmed Combat | 10 17 24 27 | 27.0
Spellcasting   | 6 12 16 20 27 | 27.0

Action                   |  1- 3 |  4- 6 |  7- 9 | 10-12 | 13-15 | 16-18 | 19-21 | 22-24 | 25-27 || total
-------------------------+-------+-------+-------+-------+-------+-------+-------+-------+-------++-------
Melee: Executioner's axe |     1 |       |       |       |     5 |     5 |     5 |     6 |    57 ||    79
Invok: Greater Servant o |       |       |       |       |       |       |       |       |     2 ||     2
  Use: Scroll            |       |       |       |       |       |       |       |       |     1 ||     1
Dodge: Dodged            |       |       |       |       |       |       |       |       |     9 ||     9

Table legend:
 A = Non-vault XP
 B = Vault XP
 C = Vault XP percentage of total XP
 D = Non-vault monster count
 E = Vault monster count
 F = Vault count percentage of total count
                 A         B        C        D         E       F
            +---------+---------+-------+---------+---------+-------
      Total | 3535436 | 1981645 |  35.9 |      90 |      90 |  50.0
            +---------+---------+-------+---------+---------+-------
          D | 3535436 | 1981645 |  35.9 |      90 |      90 |  50.0
            +---------+---------+-------+---------+---------+-------
